 Dungeon Crawl Stone Soup version bcrawl-1.20 (webtiles) character file.

Game seed: 4746905987744421896

170 Banto the Insei (level 5, -6/33 HPs)
             Began as an Octopode Transmuter on Jan 16, 2020.
             Was an Initiate of Cheibriados.
             Mangled by a hippogriff (8 damage)
             ... on level 3 of the Dungeon.
             The game lasted 00:02:22 (2533 turns).

Banto the Insei (Octopode Transmuter)               Turns: 2533, Time: 00:02:23

Health: -6/33      AC:  2    Str: 11    XL:     5   Next: 50%
Magic:  3/8        EV: 20    Int: 17    God:    Cheibriados [......]
Gold:   174        SH:  0    Dex: 18    Spells: 2/8 levels left

rFire    . . .     SeeInvis .     - Unarmed
rCold    . . .     Gourm    .   (shield currently unavailable)
rNeg     . . .     Faith    .   (helmet currently unavailable)
rPois    x         Spirit   .   (cloak currently unavailable)
rElec    .         Reflect  .   (no amulet)
rCorr    .         Harm     .   (no ring)
MR       .....                  (no ring)
Stlth    ++........             (no ring)
HPRegen  0.11/turn              (no ring)
MPRegen  0.11/turn              (no ring)
                                (no ring)
                                (no ring)
                                (no ring)

@: spider-form, very slightly contaminated, very slow
A: tiny, almost no armour, stealthy swim, (amphibious), 8 rings, (constrict 8)
a: End Transformation, Bend Time, Renounce Religion


You were on level 3 of the Dungeon.
You worshipped Cheibriados.
Cheibriados was noncommittal.
You were hungry.
You were a venomous arachnid creature.
You visited 1 branch of the dungeon, and saw 3 of its levels.

You collected 174 gold pieces.

Inventory:

Missiles
 a - 120 arrows
Wands
 m - a wand of scattershot (2)
Scrolls
 b - a scroll of enchant weapon
 h - a scroll of amnesia {unknown}
 k - 2 scrolls of identify
 l - a scroll of enchant armour {unknown}
Potions
 c - 3 potions of lignification
 d - a potion of resistance
 f - a potion of flight
 g - a potion of haste {unknown}
 i - 2 potions of curing {unknown}
Comestibles
 e - 4 rations {!d}
 j - 3 chunks of flesh


   Skills:
 - Level 1.0 Fighting
 - Level 2.0 Dodging
 + Level 4.7 Unarmed Combat
 - Level 2.0 Spellcasting
 + Level 4.1 Transmutations


You had 2 spell levels left.
You knew the following spells:

 Your Spells              Type           Power        Failure   Level  Hunger
a - Beastly Appendage     Tmut           ###...       12%         1    #......
b - Sticks to Snakes      Tmut           ###.....     16%         2    ###....
c - Spider Form           Tmut/Pois      #..          47%         3    ###....

Your spell library contained the following spells:

 Spells                   Type           Power        Failure   Level  Hunger
 Ice Form                 Ice/Tmut       #.......     82%         4    #####..
 Blade Hands              Tmut           ###.......   86%         5    ######.


Dungeon Overview and Level Annotations

Branches:
Dungeon (3/12)

Altars:
Cheibriados
Fedhas
Qazlal


Innate Abilities, Weirdness & Mutations

You cannot wear most types of armour.
You are very stealthy in the water. (Stealth+)
((You are amphibious.))
You can wear up to eight rings at the same time.
((You can use your tentacles to constrict eight enemies at once.))
((Your skin changes colour to match your surroundings (Stealth+).))
((Your rubbery body absorbs attacks. (AC +1, EV +1)))


Message History

Casting: Spider Form (safe; 26% risk of failure)
Confirm with . or Enter, or press ? or * to list all spells.
You turn into a venomous arachnid creature.
You lose your grip on the orc.
The orc misses you. The hippogriff completely misses you.
The hippogriff pecks you. The hippogriff misses you.
You hit the hippogriff but do no damage.
The hippogriff is poisoned.
The orc completely misses you.
You hit the hippogriff.
The hippogriff looks more poisoned.
The hippogriff is lightly wounded.
The hippogriff bites you! The hippogriff pecks you.
* * * LOW HITPOINT WARNING * * *
The hippogriff claws you.
* * * LOW HITPOINT WARNING * * *
The orc completely misses you.
You hit the hippogriff.
The hippogriff is moderately wounded.
The hippogriff misses you. The hippogriff barely misses you.
The hippogriff claws you!
You die...

#### ...# ...# ...#
##...#### ###>.......
#......##########
#...H# #.......#
#..s.####.......####
#..o................
#....#####....###...
#....#####....# #.##
###......#....# #..)
#..........#....######
#.....................
.........####.........#
.......)......)........


You could see a hippogriff and an orc.

Vanquished Creatures
  An orc priest (D:3)
  An orc wizard (D:2)
  Robin (D:2)
  2 adders
  An ooze (D:1)
  2 worms (D:2)
  3 dart slugs
  3 leopard geckos
  4 orcs (D:3)
  4 giant cockroaches
  3 goblins
  10 hobgoblins
  6 jackals
  2 quokkas (D:2)
  2 ball pythons
  5 bats
  4 frilled lizards
  3 kobolds
  6 rats
63 creatures vanquished.

Notes
Turn   | Place    | Note
-------+----------+-------------------------------------------
     0 | D:1      | Banto the Octopode Transmuter began the quest for the Orb.
     0 | D:1      | Reached XP level 1. HP: 13/13 MP: 3/3
    12 | D:1      | Reached XP level 2. HP: 18/18 MP: 5/5
   302 | D:1      | Reached XP level 3. HP: 10/23 MP: 6/6
   775 | D:2      | Found a faded altar of an unknown god.
   937 | D:2      | Noticed Robin
   939 | D:2      | Reached XP level 4. HP: 16/28 MP: 7/7
  1178 | D:2      | Killed Robin
  1352 | D:2      | Found a stormy altar of Qazlal.
  1365 | D:2      | Found a stormy altar of Qazlal.
  1366 | D:2      | Found a blossoming altar of Fedhas.
  2101 | D:3      | Found a snail-covered altar of Cheibriados.
  2106 | D:3      | Reached XP level 5. HP: 30/33 MP: 8/8
  2182 | D:3      | Became a worshipper of Cheibriados the Contemplative
  2186 | D:3      | Learned a level 2 spell: Sticks to Snakes
  2190 | D:3      | Learned a level 3 spell: Spider Form
  2526 | D:3      | Noticed a hippogriff
  2533 | D:3      | Mangled by a hippogriff

Skill      XL: |  1  2  3  4  5 |
---------------+----------------+-----
Unarmed Combat | 4 |  4.7
Transmutations | 3 4 |  4.1
Fighting       | |  1.0
Dodging        | |  2.0
Spellcasting   | |  2.0

Action                   |  1- 3 |  4- 6 || total
-------------------------+-------+-------++-------
Melee: Unarmed           |    50 |   104 ||   154
       Constrict         |    14 |    24 ||    38
       Tentacles         |     7 |    15 ||    22
       Punch             |     3 |     1 ||     4
 Cast: Spider Form       |       |     3 ||     3
  Use: Scroll            |       |     7 ||     7
 Stab: Sleeping          |     7 |     6 ||    13
  Eat: Chunk             |       |     5 ||     5
Armor: Skin              |     3 |     1 ||     4
Dodge: Dodged            |    19 |    58 ||    77
